 Dungeon Crawl Stone Soup version 0.21.1-74-g47da9253eb (webtiles) character file.

4368 Lavandula the Cleaver (level 10, -9/87 (88) HPs)
             Began as a Centaur Berserker on Aug 9, 2018.
             Was an Elder of Trog.
             Killed from afar by a gargoyle (29 damage)
             ... with a stone arrow
             ... on level 10 of the Dungeon.
             The game lasted 00:17:49 (3052 turns).

Lavandula the Cleaver (Centaur Berserker)           Turns: 3052, Time: 00:17:50

HP:   -9/87 (88)    AC:  7    Str: 21    XL:     10   Next: 13%
MP:   12/12         EV: 11    Int:  6    God:    Trog [****..]
Gold: 294           SH:  5    Dex: 11    Spells: 9/9 levels left

rFire    + . .     SeeInvis .   i - +2 spear (vamp)
rCold    . . .     Gourm    .   (no shield)
rNeg     . . .     Faith    .   g - +0 ring mail
rPois    .         Spirit   .   h - +0 helmet
rElec    .         Reflect  +   H - +0 cloak {MR+}
rCorr    .         Harm     .   (no gloves)
MR       +++..                  (no barding)
Stlth    ..........             f - +5 amulet of reflection
HPRegen  1.24/turn              o - ring of protection from fire
MPRegen  0.13/turn              (no ring)

@: berserk cooldown, regenerating, slowed
A: large, hooves 3, deformed body, speed 2, tough skin 3
a: Berserk, Trog's Hand, Brothers in Arms, Burn Spellbooks, Renounce Religion


You were on level 10 of the Dungeon.
You worshipped Trog.
Trog was greatly pleased with you.
You were not hungry.

You visited 1 branch of the dungeon, and saw 10 of its levels.
You also visited: Sewer.

You collected 294 gold pieces.

Inventory:

Hand Weapons
 a - a +0 hand axe
 i - a +2 vampiric spear (weapon)
Armour
 b - a +0 animal skin
 g - a +0 ring mail (worn)
 h - a +0 helmet (worn)
 H - a +0 cloak of magic resistance (worn)
Jewellery
 f - a +5 amulet of reflection (around neck)
 o - a ring of protection from fire (left hand)
Wands
 x - a wand of paralysis (15)
 F - a wand of enslavement (7)
 G - a wand of iceblast (14)
Scrolls
 d - 2 scrolls of magic mapping
 e - 3 scrolls of fog {unknown}
 j - a scroll of enchant armour {unknown}
 k - 2 scrolls of teleportation
 l - 2 scrolls of enchant weapon {unknown}
 r - a scroll of random uselessness
 w - a scroll of blinking {unknown}
 y - a scroll of amnesia
 C - a scroll of noise {unknown}
 E - 2 scrolls of immolation {unknown}
Potions
 m - 2 potions of curing {unknown}
 n - a potion of ambrosia {unknown}
 p - a potion of heal wounds {unknown}
 q - 2 potions of invisibility
 s - a potion of brilliance
 t - 2 potions of flight
 u - a potion of magic {unknown}
 v - a potion of lignification {unknown}
 A - a potion of mutation {unknown}
 B - 2 potions of haste {unknown}
 D - a potion of berserk rage {unknown}
Comestibles
 c - 10 rations
 z - a chunk of flesh


   Skills:
 - Level 8.1 Fighting
 - Level 9.1 Axes
 - Level 1.3 Armour
 - Level 6.0 Dodging
 + Level 3.3 Evocations


You had 9 spell levels left.
You didn't know any spells.

Dungeon Overview and Level Annotations

Branches:
Dungeon (10/15)
 Temple: D:4-7         Lair: D:8-11         Orc: D:9-12

Altars:
Xom

Annotations:
D:6 Erymatos's ghost, novice MiBe
D:9 Gunterle's ghost, novice OgGl


Innate Abilities, Weirdness & Mutations

You have hooves in place of feet.
Armour fits poorly on your strangely shaped body.
You cover ground very quickly.
You have extremely tough skin. (AC +3)


Message History

You eat one of the 2 chunks of flesh.
This raw flesh tastes terrible.
Magic restored.
Attack whom?
Press: ? - help, Dir - move target cursor, f - gargoyle
Aim: a gargoyle, wielding a flail You reach to attack!
You barely miss the gargoyle. You hit the gargoyle but do no damage.
The gargoyle barely misses you.
You closely miss the gargoyle.
You kick the gargoyle, but do no damage.
The gargoyle hurls a stone arrow at you.
The stone arrow hits you!
* * * LOW HITPOINT WARNING * * *
Okay, then.
Your skin crawls.
You feel resistant to hostile enchantments.
You feel somewhat more hungry. Trog will no longer gift you weapons.
The gargoyle hurls a stone arrow at you.
The stone arrow hits you!
You die...

##..## ##....#
#..... #.... #
#.#.# .#
#######.#.######..#
..................#
....#.<..###9###.#
. ##9#.# #@# #..#.#
#.# #.#.9.# #.#
###.... #.# #...?
... #....##.#
#.#..##?# ..#


You could see a gargoyle.

Vanquished Creatures
  2 two-headed ogres
  Maurice (D:9)
  A hippogriff (D:7)
  2 orc warriors
  2 ice beasts
  A hornet zombie (D:7)
  A necrophage (D:9)
  An ogre (D:8)
  A centaur (D:5)
  A crocodile (D:9)
  A big kobold (Sewer)
  3 bullfrogs
  A water moccasin zombie (D:5)
  3 scorpions
  5 wights (D:9)
  4 killer bees (D:8)
  A crimson imp (D:6)
  A bullfrog zombie (D:7)
  A gnoll shaman (D:5)
  An orc priest (D:8)
  2 hounds (D:4)
  7 orc wizards
  A bullfrog skeleton (D:8)
  5 iguanas
  5 worker ants
  A killer bee zombie (D:8)
  2 hound zombies
  5 gnolls (D:5)
  12 adders
  2 river rats (Sewer)
  2 oozes
  4 adder skeletons
  2 worms
  2 dart slugs
  3 leopard geckos
  23 orcs
  3 ball pythons
  3 bats
  3 giant cockroaches
  3 goblins
  6 hobgoblins
  4 jackals (D:2)
  7 kobolds
  5 frilled lizards
  3 rats
149 creatures vanquished.

Notes
Turn   | Place    | Note
-------+----------+-------------------------------------------
     0 | D:1      | Lavandula the Centaur Berserker began the quest for the Orb.
     0 | D:1      | Reached XP level 1. HP: 19/19 MP: 1/1
    29 | D:1      | Reached skill level 3 in Axes
    51 | D:1      | Reached XP level 2. HP: 24/26 MP: 2/2
   219 | D:2      | Reached XP level 3. HP: 31/31 MP: 3/3
   224 | D:2      | Reached ** piety under Trog
   266 | D:2      | Reached skill level 4 in Axes
   424 | D:4      | Found a glowing drain.
   434 | D:4      | Reached XP level 4. HP: 38/38 MP: 4/4
   466 | Sewer    | Entered a sewer
   488 | Sewer    | Noticed a big kobold
   501 | Sewer    | Killed a big kobold
   501 | Sewer    | Reached skill level 5 in Axes
   501 | Sewer    | Reached XP level 5. HP: 45/45 MP: 5/5
   702 | D:4      | Reached skill level 6 in Axes
   803 | D:3      | Reached XP level 6. HP: 37/51 MP: 6/6
   995 | D:3      | Reached *** piety under Trog
  1220 | D:5      | Entered Level 5 of the Dungeon
  1263 | D:5      | Reached skill level 7 in Axes
  1333 | D:5      | Reached XP level 7. HP: 35/57 MP: 7/7
  1527 | D:5      | Reached skill level 8 in Axes
  1705 | D:6      | Reached **** piety under Trog
  1820 | D:6      | Noticed Erymatos's ghost (novice MiBe)
  1888 | D:7      | Reached skill level 9 in Axes
  1888 | D:7      | Reached XP level 8. HP: 41/63 MP: 8/8
  2130 | D:7      | Noticed a hippogriff
  2139 | D:7      | Killed a hippogriff
  2139 | D:7      | Reached skill level 5 in Fighting
  2283 | D:8      | Found a shimmering altar of Xom.
  2379 | D:8      | Noticed a two-headed ogre
  2394 | D:8      | Killed a two-headed ogre
  2394 | D:8      | Reached XP level 9. HP: 81/81 MP: 9/9
  2943 | D:9      | Noticed Maurice
  2946 | D:9      | Reached skill level 5 in Dodging
  2959 | D:9      | Killed Maurice
  2997 | D:9      | Noticed Gunterle's ghost (novice OgGl)
  3009 | D:9      | Noticed a two-headed ogre
  3023 | D:9      | Killed a two-headed ogre
  3023 | D:9      | Reached XP level 10. HP: 53/87 MP: 9/12
  3028 | D:9      | Reached ***** piety under Trog
  3039 | D:10     | Entered Level 10 of the Dungeon
  3039 | D:10     | Noticed a gargoyle
  3052 | D:10     | Killed from afar by a gargoyle

Skill      XL: |  1  2  3  4  5  6  7  8  9 |
---------------+----------------------------+-----
Axes           | 3 4 5 6 7 9 |  9.1
Fighting       | 8 |  8.1
Dodging        | 6 |  6.0
Evocations     | 3 |  3.3
Armour         | |  1.3

Action                   |  1- 3 |  4- 6 |  7- 9 | 10-12 || total
-------------------------+-------+-------+-------+-------++-------
Melee: Hand axe          |    76 |   125 |    16 |       ||   217
       Kick              |    15 |    25 |    90 |     2 ||   132
       Spear             |       |       |   327 |     7 ||   334
Invok: Berserk           |     3 |     4 |     8 |       ||    15
       Trog's Hand       |       |       |       |     1 ||     1
  Use: Scroll            |       |     2 |     7 |       ||     9
  Eat: Chunk             |       |     6 |    11 |     1 ||    18
       Ration            |       |       |     2 |       ||     2
Armor: Animal skin       |    10 |       |       |       ||    10
       Ring mail         |    15 |    35 |    62 |       ||   112
Dodge: Dodged            |    39 |    54 |    73 |     7 ||   173
Block: Other             |    12 |    35 |    51 |     1 ||    99
       Reflection        |       |     2 |       |       ||     2
